 Dungeon Crawl Stone Soup version 0.20.1-1-g8b1a95d (webtiles) character file.

20706 Irenicus the Brawler (level 12, 0/234 HPs)
             Began as a Troll Chaos Knight on Oct 18, 2017.
             Slain by Snorg (3 damage)
             ... on level 13 of the Dungeon.
             The game lasted 00:29:31 (8592 turns).

Irenicus the Brawler (Troll Chaos Knight)           Turns: 8592, Time: 00:29:31

Health: 0/234      AC: 27    Str: 20 (23) XL:     12   Next: 47%
Magic:  26/26      EV:  1    Int: 14 (17) God:    Xom [..*...]
Gold:   1417       SH:  0    Dex: 19 (22) Spells: 15/17 levels left

rFire    . . .     SeeInvis +     - Unarmed
rCold    . . .     Gourm    +   (no shield)
rNeg     + + +     Faith    +   (armour currently unavailable)
rPois    +         Spirit   .   (helmet unavailable)
rElec    .         Reflect  .   (cloak currently unavailable)
rCorr    .         Harm     .   (gloves unavailable)
rMut     +         Clarity  +   (boots unavailable)
MR       .....     NoTele   +   o - amulet of faith
Stlth    +++.......             a - +1 ring of protection
Regen    0.9/turn               J - ring of magical power
MPRegen  0.2/turn

@: brilliant, agile, tree-form, slowed, very slow
A: unfitting armour, rugged brown scales 1, see invisible, agile 2, clarity,
clever 2, fast metabolism 3, gourmand, high mp 1, mutation resistance 3,
regeneration 1, robust 3
a: Renounce Religion


You were on level 13 of the Dungeon.
You worshipped Xom.
You were a toy of Xom.
You were not hungry.
You were a tree.
You visited 1 branch of the dungeon, and saw 13 of its levels.

You collected 1417 gold pieces.

Inventory:

Armour
 p - the +4 hat of Lethargy {rF+ rC+}
   (Xom gifted it to you on level 2 of the Dungeon)

   It protects you from fire.
   It protects you from cold.
 q - the +2 ratskin cloak (melded) {+Rats rPois rN+ Str-1 Int-1 Dex+1}
   (You found it on level 10 of the Dungeon)

   It affects your strength (-1).
   It affects your intelligence (-1).
   It affects your dexterity (+1).
   It protects you from poison.
   It protects you from negative energy.
 V - a +2 robe of fire resistance (melded)
Jewellery
 a - a +1 ring of protection (left branch)
 e - an uncursed ring of poison resistance
 o - an amulet of faith (around neck)
 J - a ring of magical power (right branch)
Wands
 z - a wand of lightning (9/15)
 B - a wand of polymorph (11/24)
 E - a wand of random effects (14/48)
 H - a wand of iceblast (5/15)
 I - a wand of digging (0/24)
 K - a wand of acid (7/15)
 T - a wand of acid (7/15)
 W - a wand of polymorph (13/24)
 X - a wand of clouds (5/9)
 Y - a wand of disintegration (14/24)
 Z - a wand of lightning (8/15)
Scrolls
 c - 2 scrolls of recharging {unknown}
 d - 4 scrolls of teleportation {unknown}
 i - 3 scrolls of amnesia {unknown}
 j - 5 scrolls of remove curse {unknown}
 l - 3 scrolls of immolation {unknown}
 m - 10 scrolls of identify {unknown}
 n - a scroll of enchant armour {unknown}
 w - a scroll of fear {unknown}
 x - 4 scrolls of magic mapping {unknown}
 A - a scroll of random uselessness {unknown}
 F - a scroll of enchant weapon {unknown}
 G - a scroll of vulnerability {unknown}
 O - a scroll of acquirement {unknown}
 R - a scroll of fog {unknown}
Potions
 t - 2 potions of brilliance
 v - 3 potions of degeneration
 C - 4 potions of curing
 P - a potion of lignification
 S - a potion of mutation {unknown}
 U - a potion of might {unknown}
Books
 r - a book of Minor Magic

   Spells                             Type                      Level
   a - Magic Dart                     Conjuration                  1
   b - Blink                          Translocation                2
   c - Call Imp                       Summoning                    2
   d - Slow                           Hexes                        2
   e - Conjure Flame                  Conjuration/Fire             3
   f - Mephitic Cloud                 Conjuration/Poison/Air       3
 y - a book of Necromancy

   Spells                             Type                      Level
   a - Pain                           Necromancy                   1
   b - Animate Skeleton               Necromancy                   1
   c - Vampiric Draining              Necromancy                   3
   d - Regeneration                   Charms/Necromancy            3
   e - Animate Dead                   Necromancy                   4
   f - Control Undead                 Necromancy                   4
 D - a book of Changes

   Spells                             Type                      Level
   a - Beastly Appendage              Transmutation                1
   b - Sticks to Snakes               Transmutation                2
   c - Spider Form                    Transmutation/Poison         3
   d - Ice Form                       Ice/Transmutation            4
   e - Blade Hands                    Transmutation                5
Miscellaneous
 N - a lightning rod (4/4)
Comestibles
 b - 7 bread rations
 f - 6 royal jellies
 g - 30 fruits
 k - 5 meat rations


   Skills:
 + Level 7.5 Fighting
 - Level 5.0 Dodging
 - Level 16.0 Unarmed Combat
 - Level 3.0 Spellcasting
 - Level 4.3 Transmutations


You had 15 spell levels left.
You knew the following spells:

 Your Spells              Type           Power        Failure   Level  Hunger
a - Beastly Appendage     Tmut           ###...       1%          1    #......
b - Confusing Touch       Hex            ##....       2%          1    #......


Dungeon Overview and Level Annotations

Branches:
Dungeon (13/15)            Temple (0/1) D:7            Lair (0/6) D:9
    Orc (0/2) D:12
 Vaults: D:13-14

Altars:
Ashenzari
Elyvilon
Fedhas
Gozag
Kikubaaqudgha
Xom
Zin

Annotations:
D:13 exclusions: door and orc knight, Josephine, Snorg


Innate Abilities, Weirdness & Mutations

You are too large for most types of armour.
((You have claws for hands.))
Your metabolism is lightning-fast.
You like to eat raw meat.
Your natural rate of healing is unusually fast.
((You are covered in fur. (AC +1)))
((You have very tough skin. (AC +2)))
((You have a beak for a mouth.))
((You have hoof-like feet.))
((You have a pair of large horns on your head.))
(You are partially covered in rugged brown scales. (AC +1, +3% HP))
((You are partially covered in thin metallic scales. (AC +2)))
You have supernaturally acute eyesight. (SInv)
You are very agile. (Dex +4)
((You can translocate small distances at will.))
You possess an exceptional clarity of mind.
Your mind is very acute. (Int +4)
((Your flesh is very cold resistant. (rC++)))
((Your flesh is very heat resistant. (rF++)))
You have an increased reservoir of magic. (+10% MP)
You are almost entirely resistant to further mutation and mutation removal.
((Your system is resistant to poisons. (rPois)))
You are extremely robust. (+30% HP)
((Your movements are slightly less encumbered by armour. (ER -2)))


Message History

Snorg is severely wounded.
The bullfrog zombie hits you but does no damage.
Josephine hits you but does no damage. Snorg bites you!
* * * LOW HITPOINT WARNING * * *
Snorg claws you but does no damage. Snorg claws you!
* * * LOW HITPOINT WARNING * * *
The wraith hits you.
* * * LOW HITPOINT WARNING * * *
The wraith drains your vigour!
You feel yourself slow down.
You feel better.
The bullfrog zombie hits you but does no damage.
The wraith hits you but does no damage. Snorg bites you but does no damage.
Snorg claws you but does no damage. x2; Josephine hits you but does no damage.
The wraith hits you but does no damage.
The bullfrog zombie hits you but does no damage.
Snorg bites you but does no damage. Snorg claws you!
* * * LOW HITPOINT WARNING * * *
Snorg claws you.
You die...
Xom laughs nastily!

.. ... ....
#######....
#..........
#....W.....
##
##..W.......
#.
#..T♣@<.....
#.
#...ZW......
#.
#.##########
#. #.# ##
#.# # #.# #
#.# # #.# #
#.# #


You could see Snorg (berserk), Josephine, 3 wraiths and a bullfrog zombie.

Vanquished Creatures
  Erica (D:10)
  4 two-headed ogres
  Urug (D:11)
  Sonja (D:13)
  3 unseen horrors
  A cyclops (D:12)
  The ghost of Irenicus the Grappler, a novice TrCK of Xom (D:5)
  A kobold demonologist (D:8)
  A freezing wraith (D:13)
  2 trolls
  A wind drake (shapeshifter) (D:13)
  Grinder (D:3)
  4 slime creatures (D:12)
  3 hippogriffs
  A raiju (shapeshifter) (D:13)
  Sigmund (D:3)
  A vampire (D:11)
  4 wraiths
  3 yaks (D:11)
  A shadow (D:11)
  2 basilisks (D:12)
  3 hungry ghosts (D:12)
  4 vampire mosquitoes (D:13)
  A naga (D:8)
  2 water moccasins
  2 orc warriors
  4 sky beasts
  2 ice beasts
  2 necrophages (D:13)
  2 phantoms
  10 centaurs
  2 ogres
  4 big kobolds
  10 bullfrogs
  A wyvern zombie (D:10)
  A gnoll sergeant (D:12)
  4 scorpions
  2 wyvern skeletons
  A troll zombie (D:12)
  9 wights
  12 killer bees
  3 howler monkeys (D:11)
  3 crimson imps
  A centaur zombie (D:12)
  3 jellies
  A quasit (D:10)
  2 bullfrog zombies
  9 hounds
  4 human zombies (D:13)
  4 orc priests
  A bullfrog skeleton (D:6)
  2 centaur skeletons
  A human skeleton (D:13)
  15 worker ants
  3 iguanas
  12 orc wizards
  7 ogre zombies (D:12)
  2 mummies (D:13)
  Robin (D:3)
  10 adders
  7 gnolls
  A howler monkey skeleton (D:7)
  2 shadow imps
  An ooze (D:3)
  2 worms
  3 dart slugs
  7 leopard geckos
  52 orcs
  4 giant cockroaches
  13 goblins
  6 hobgoblins
  8 jackals
  3 quokkas
  2 ball pythons
  12 bats
  5 frilled lizards
  2 goblin skeletons (D:12)
  2 goblin zombies (D:12)
  3 hobgoblin skeletons (D:12)
  22 kobolds
  A leopard gecko skeleton (D:8)
  4 orc skeletons (D:12)
  15 orc zombies
  2 quokka skeletons
  10 rats
389 creatures vanquished.

Vanquished Creatures (collateral kills)
  A two-headed ogre (D:12)
  A gargoyle (D:11)
  A hippogriff (D:7)
  A yak (D:11)
  A sky beast (D:12)
  A bullfrog (D:12)
  A quasit (D:7)
  A hound (D:12)
  An orc wizard (D:8)
  A killer bee zombie (D:8)
  A gnoll (D:12)
  3 orcs (D:7)
  A jackal (D:10)
  A kobold (D:10)
16 creatures vanquished.

Vanquished Creatures (others)
  4 toadstools (D:1)
4 creatures vanquished.

Grand Total: 409 creatures vanquished

Notes
Turn   | Place    | Note
-------+----------+-------------------------------------------
     0 | D:1      | Irenicus the Troll Chaos Knight began the quest for the Orb.
     0 | D:1      | Reached XP level 1. HP: 22/22 MP: 0/0
   157 | D:1      | Reached XP level 2. HP: 29/29 MP: 1/1
   177 | D:1      | XOM: divination: detect items
   472 | D:1      | Reached skill level 4 in Unarmed Combat
   755 | D:2      | Reached XP level 3. HP: 36/36 MP: 2/2
   894 | D:2      | Found an opulent altar of Gozag.
   894 | D:2      | XOM: 5-stop teleportation journey
  1010 | D:2      | XOM: give mutations
  1010 | D:2      | Gained mutation: Your flesh is heat resistant. (rF+) [Xom's grace]
  1010 | D:2      | Gained mutation: You are robust. (+10% HP) [Xom's grace]
  1010 | D:2      | Gained mutation: You possess an exceptional clarity of mind. [Xom's grace]
  1173 | D:2      | XOM: god gift: translucent hat {god gift}
  1174 | D:2      | Got a translucent hat {god gift}
  1180 | D:2      | Identified the +4 hat of Lethargy {rF+ rC+} (Xom gifted it to you on level 2 of the Dungeon)
  1208 | D:3      | Reached XP level 4. HP: 48/48 MP: 3/3
  1331 | D:3      | Noticed Robin
  1335 | D:3      | Reached skill level 5 in Unarmed Combat
  1346 | D:3      | Killed Robin
  1404 | D:3      | Found a shimmering altar of Xom.
  1404 | D:3      | Found a shimmering altar of Xom.
  1405 | D:3      | Found a shimmering altar of Xom.
  1405 | D:3      | Found a shimmering altar of Xom.
  1406 | D:3      | Found a shimmering altar of Xom.
  1406 | D:3      | Found a shimmering altar of Xom.
  1408 | D:3      | Found a shimmering altar of Xom.
  1493 | D:3      | Noticed Grinder
  1494 | D:3      | XOM: enchant monster (good)
  1506 | D:3      | Killed Grinder
  1506 | D:3      | Reached skill level 6 in Unarmed Combat
  1506 | D:3      | Reached XP level 5. HP: 50/55 MP: 4/4
  1506 | D:3      | Reached XP level 6. HP: 59/64 MP: 5/5
  1622 | D:3      | XOM: 3-stop teleportation journey
  1771 | D:3      | Noticed Sigmund
  1782 | D:3      | Killed Sigmund
  1782 | D:3      | Reached skill level 7 in Unarmed Combat
  1888 | D:4      | XOM: cast spell 'Cause Fear'
  1889 | D:4      | XOM: cast spell 'Discord'
  1892 | D:4      | Reached skill level 8 in Unarmed Combat
  1892 | D:4      | Reached XP level 7. HP: 25/72 MP: 6/6
  1943 | D:4      | XOM: 2-stop teleportation journey
  1967 | D:4      | XOM: scenery: 1 doors close
  2083 | D:4      | XOM: summons 2 friendly demons
  2099 | D:4      | XOM: give mutations
  2099 | D:4      | Gained mutation: You are very robust. (+20% HP) [Xom's grace]
  2099 | D:4      | Gained mutation: Your movements are slightly less encumbered by armour. (ER -2) [Xom's grace]
  2099 | D:4      | Gained mutation: You are partially covered in rugged brown scales. (AC +1, +3% HP) [Xom's grace]
  2099 | D:4      | Gained mutation: You have a pair of small horns on your head. [Xom's grace]
  2135 | D:4      | XOM: harmless Air miscast
  2152 | D:4      | XOM: harmless Hex miscast
  2254 | D:4      | XOM: harmless Erth miscast
  2468 | D:5      | Entered Level 5 of the Dungeon
  2471 | D:5      | Reached skill level 9 in Unarmed Combat
  2493 | D:5      | XOM: divination: magic mapping
  2509 | D:5      | XOM: cast spell 'Summon Ice Beast'
  2578 | D:5      | Found a shattered altar of Ashenzari.
  2651 | D:5      | XOM: confuse monster(s)
  2667 | D:5      | Noticed Irenicus's ghost (novice TrCK)
  2689 | D:5      | XOM: cast spell 'Shadow Creatures'
  2706 | D:5      | XOM: potion effect (curing)
  2712 | D:5      | Killed Irenicus's ghost
  2712 | D:5      | Reached skill level 10 in Unarmed Combat
  2712 | D:5      | Reached XP level 8. HP: 51/91 MP: 7/7
  2719 | D:5      | XOM: potion effect (curing)
  2817 | D:5      | Reached skill level 11 in Unarmed Combat
  2935 | D:5      | XOM: 1-stop teleportation journey
  3079 | D:5      | XOM: god gift: leather armour {god gift}
  3141 | D:6      | XOM: scenery: 6 doors open, 1 doors close
  3251 | D:6      | XOM: harmless Erth miscast
  3631 | D:6      | Found a glowing silver altar of Zin.
  3877 | D:7      | Reached XP level 9. HP: 95/98 MP: 8/8
  3889 | D:7      | Reached skill level 12 in Unarmed Combat
  3909 | D:7      | Learned a level 1 spell: Beastly Appendage
  3969 | D:7      | XOM: 2-stop teleportation journey
  4146 | D:7      | Reached skill level 1 in Transmutations
  4205 | D:7      | Found a staircase to the Ecumenical Temple.
  4251 | D:7      | XOM: give mutations
  4251 | D:7      | Gained mutation: You are agile. (Dex +2) [Xom's grace]
  4251 | D:7      | Gained mutation: Your mind is acute. (Int +2) [Xom's grace]
  4359 | D:8      | XOM: cast spell 'Summon Butterflies'
  4620 | D:8      | XOM: swap monsters
  4718 | D:8      | Reached skill level 1 in Spellcasting
  4770 | D:8      | XOM: give mutations
  4770 | D:8      | Gained mutation: You are very agile. (Dex +4) [Xom's grace]
  4770 | D:8      | Gained mutation: Your flesh is cold resistant. (rC+) [Xom's grace]
  4770 | D:8      | Gained mutation: Your flesh is very heat resistant. (rF++) [Xom's grace]
  4779 | D:8      | XOM: polymorph bullfrog -> naga
  4783 | D:8      | Killed an unseen horror
  4783 | D:8      | Reached XP level 10. HP: 89/113 MP: 11/13
  4800 | D:8      | XOM: cast spell 'Summon Horrible Things'
  4829 | D:8      | XOM: divination: magic mapping
  4899 | D:8      | XOM: cast spell 'Disjunction'
  5074 | D:8      | XOM: harmless Erth miscast
  5193 | D:8      | XOM: summons 5 hostile demons
  5196 | D:8      | Noticed a two-headed ogre
  5209 | D:8      | XOM: mild Erth miscast
  5210 | D:8      | Killed a two-headed ogre
  5297 | D:9      | Reached skill level 5 in Dodging
  5317 | D:9      | XOM is BORED!
  5317 | D:9      | XOM: 3-stop teleportation journey
  5360 | D:9      | Found an ancient bone altar of Kikubaaqudgha.
  5362 | D:9      | Found a blossoming altar of Fedhas.
  5509 | D:9      | XOM: chaos upgrade
  5510 | D:9      | XOM: enchant monster (bad)
  5993 | D:9      | Found a staircase to the Lair.
  5996 | D:9      | XOM: give mutations
  5996 | D:9      | Gained mutation: You are somewhat resistant to further mutation. [Xom's grace]
  5996 | D:9      | Gained mutation: You are partially covered in thin metallic scales. (AC +2) [Xom's grace]
  5996 | D:9      | Gained mutation: You have an increased reservoir of magic. (+10% MP) [Xom's grace]
  6052 | D:10     | Entered Level 10 of the Dungeon
  6063 | D:10     | Noticed a two-headed ogre
  6067 | D:10     | XOM: harmless Conj miscast
  6072 | D:10     | Killed a two-headed ogre
  6072 | D:10     | Reached skill level 13 in Unarmed Combat
  6110 | D:10     | Noticed Erica
  6120 | D:10     | XOM: summons friendly quasit
  6123 | D:10     | XOM: summons friendly crimson imp
  6129 | D:10     | Killed Erica
  6134 | D:10     | Reached XP level 11. HP: 49/123 MP: 16/16
  6169 | D:10     | Got a dazzling triple sword
  6170 | D:10     | Identified the +6 triple sword of Acoagam {holy, *Corrode rElec MR+ Dex+2} (You found it on level 10 of the Dungeon)
  6449 | D:10     | Killed an unseen horror
  6549 | D:10     | XOM: give mutations
  6549 | D:10     | Gained mutation: You have a pair of horns on your head. [Xom's grace]
  6549 | D:10     | Gained mutation: You can translocate small distances at will. [Xom's grace]
  6549 | D:10     | Gained mutation: Your flesh is very cold resistant. (rC++) [Xom's grace]
  6549 | D:10     | Gained mutation: You have a beak for a mouth. [Xom's grace]
  6612 | D:11     | XOM: god gift: 620 gold pieces
  6630 | D:11     | Found a white marble altar of Elyvilon.
  6630 | D:11     | XOM: 8-stop teleportation journey
  6634 | D:11     | XOM: god gift: wand of polymorph (?/24) {god gift}
  6657 | D:11     | XOM: summons 4 friendly demons
  6658 | D:11     | XOM: scenery: 1 doors open, 1 doors close
  6706 | D:11     | Reached skill level 14 in Unarmed Combat
  6820 | D:11     | Killed an unseen horror
  6846 | D:11     | XOM: summons 2 friendly demons
  6859 | D:11     | XOM: god gift: book of Conjurations
  6908 | D:11     | XOM: give mutations
  6908 | D:11     | Gained mutation: Your system is resistant to poisons. (rPois) [Xom's grace]
  6908 | D:11     | Gained mutation: You are extremely robust. (+30% HP) [Xom's grace]
  6908 | D:11     | Gained mutation: You have large cloven feet. [Xom's grace]
  6908 | D:11     | Gained mutation: You have hoof-like feet. [Xom's grace]
  6948 | D:11     | XOM: god gift: wand of disintegration (?/24) {god gift}
  6960 | D:11     | Noticed Urug
  6962 | D:11     | XOM: enchant monster (good)
  7087 | D:11     | XOM: god gift: knobbly jewelled staff {god gift}
  7119 | D:11     | Killed Urug
  7303 | D:11     | XOM: give mutations
  7303 | D:11     | Gained mutation: You have a pair of large horns on your head. [Xom's grace]
  7303 | D:11     | Gained mutation: You are somewhat resistant to both further mutation and mutation removal. [Xom's grace]
  7303 | D:11     | Gained mutation: Your mind is very acute. (Int +4) [Xom's grace]
  7388 | D:12     | Found a staircase to the Orcish Mines.
  7399 | D:12     | XOM: fake destruction
  7403 | D:12     | XOM: cast spell 'Metabolic Englaciation'
  7406 | D:12     | Reached skill level 15 in Unarmed Combat
  7505 | D:12     | Noticed a two-headed ogre
  7508 | D:12     | XOM: cast spell 'Olgreb's Toxic Radiance'
  7521 | D:12     | Killed a two-headed ogre
  7599 | D:12     | XOM: cleaving
  7616 | D:12     | XOM: give mutations
  7616 | D:12     | Gained mutation: You are almost entirely resistant to further mutation and mutation removal. [Xom's grace]
  7616 | D:12     | Gained mutation: You have supernaturally acute eyesight. (SInv) [Xom's grace]
  7658 | D:12     | Learned a level 1 spell: Confusing Touch
  7718 | D:12     | XOM: summons friendly white imp
  7728 | D:12     | XOM: enchant monster (good)
  7730 | D:12     | Reached skill level 16 in Unarmed Combat
  7730 | D:12     | Reached XP level 12. HP: 115/142 MP: 17/17
  7773 | D:12     | Noticed a two-headed ogre
  7775 | D:12     | XOM: summons 12 friendly demons
  7779 | D:12     | Killed a two-headed ogre
  7937 | D:12     | Reached skill level 5 in Fighting
  8289 | D:13     | Noticed a two-headed ogre
  8291 | D:13     | XOM: summons friendly iron imp
  8294 | D:13     | Killed a two-headed ogre
  8299 | D:13     | XOM: polymorph iron imp -> crimson imp
  8356 | D:13     | Found an ancient bone altar of Kikubaaqudgha.
  8411 | D:13     | Noticed a vault guard
  8492 | D:13     | Noticed Sonja
  8498 | D:13     | Killed Sonja
  8546 | D:13     | XOM: god gift: wand of clouds (?/9) {god gift}
  8568 | D:13     | XOM: harmless Erth miscast
  8569 | D:13     | Noticed Snorg
  8572 | D:13     | XOM: swap monsters
  8574 | D:13     | XOM: silly message
  8582 | D:13     | Noticed Josephine
  8591 | D:13     | HP: 5/234 [Snorg (12)]
  8591 | D:13     | HP: 2/234 [wraith[Josephine] (3)]
  8592 | D:13     | Slain by Snorg

Skill      XL: |  1  2  3  4  5  6  7  8  9 10 11 12 |
---------------+-------------------------------------+-----
Unarmed Combat | 4 6 8 10 11 12 13 16 | 16.0
Fighting       | 4 7 |  7.5
Transmutations | 4 |  4.3
Spellcasting   | 2 3 |  3.0
Dodging        | 5 |  5.0

Action                   |  1- 3 |  4- 6 |  7- 9 | 10-12 || total
-------------------------+-------+-------+-------+-------++-------
Melee: Unarmed           |   114 |    85 |   321 |   504 ||  1024
       Punch             |     1 |     1 |    12 |    36 ||    50
       Headbutt          |       |       |    47 |   122 ||   169
       Kick              |       |       |    19 |   104 ||   123
       Peck              |       |       |       |    64 ||    64
 Cast: Beastly Appendage |       |       |    11 |     1 ||    12
 Abil: Evoke Ratskin     |       |       |       |     1 ||     1
Evoke: Wand              |       |       |     1 |     6 ||     7
       Box of beasts     |       |       |       |     1 ||     1
  Use: Potion            |       |       |     1 |    11 ||    12
 Stab: Petrified         |       |     8 |       |       ||     8
       Sleeping          |       |       |     2 |       ||     2
       Invisible         |       |       |       |     4 ||     4
       Distracted        |       |       |       |     3 ||     3
  Eat: Chunk             |    14 |     6 |    28 |    33 ||    81
       Fruit             |       |       |       |     2 ||     2
Armor: Robe              |    55 |    32 |   139 |   210 ||   436
       Skin              |       |       |       |    21 ||    21
Dodge: Dodged            |    76 |    37 |   134 |   304 ||   551
